 Dungeon Crawl Stone Soup version 0.31.0-32-g396128a36d (webtiles) character file.

Game seed: 16598255531758444227

15218 fungusakafungus the Cleaver (level 11, -11/101 HPs)
             Began as a Minotaur Fighter on Mar 20, 2024.
             Was a High Priest of Okawaru.
             Mangled by Rupert
             ... wielding a +3 heavy great mace
              (33 damage)
             ... on level 12 of the Dungeon on Apr 3, 2024.
             The game lasted 00:52:52 (12265 turns).

fungusakafungus the Cleaver (Minotaur Fighter)     Turns: 12265, Time: 00:52:52

Health: -11/101    AC: 18    Str: 24    XL:     11   Next: 99%
Magic:  12/13      EV:  9    Int:  5    God:    Okawaru [*****.]
Gold:   775        SH:  7    Dex: 11    Spells: 10/10 levels left

rFire   . . .        y - +5 war axe
rCold   . . .        c - +0 buckler
rNeg    . . .        z - +0 plate armour
rPois   .            (helmet restricted)
rElec   .            (no cloak)
rCorr   .            (no gloves)
SInv    +            C - +0 pair of boots
Will    .....        g - amulet of the acrobat Stlth
                     i - ring of see invisible
HPRegen 0.36/turn    (no ring)
MPRegen 0.13/turn

%: acrobat
@: heroic
A: horns 2, retaliatory headbutt
a: Renounce Religion, Heroism, Finesse, Duel


You were on level 12 of the Dungeon.
You worshipped Okawaru.
Okawaru was extremely pleased with you.
You visited 2 branches of the dungeon, and saw 13 of its levels.

You collected 915 gold pieces.
You spent 140 gold pieces at shops.

Inventory:

Hand Weapons
 a - a +0 war axe of flaming
 y - a +5 war axe (weapon)
 B - the +5 hand axe "Byroq" {freeze, rCorr Dex+2}
   (You found it on level 6 of the Dungeon)

   Dex+2:     It affects your dexterity (+2).
   rCorr:     It protects you from acid and corrosion.
 H - a +5 morningstar
 I - a +0 broad axe
Missiles
 l - an atropa-tipped dart
 n - 6 boomerangs
 q - 15 poisoned darts (quivered)
 J - 4 curare-tipped darts
Armour
 c - a +0 buckler (worn)
 m - a +1 chain mail
 z - a +0 plate armour (worn)
 C - a +0 pair of boots (worn)
Jewellery
 e - an amulet of reflection
 g - an amulet of the acrobat (around neck)
 i - a ring of see invisible (left hand)
Wands
 w - a wand of mindburst (14)
 E - a wand of iceblast (18)
Scrolls
 d - 3 scrolls of enchant armour
 h - 4 scrolls of fear
 o - a scroll of revelation {unknown}
 t - 2 scrolls of amnesia
 v - 2 scrolls of teleportation
 x - a scroll of silence
Potions
 b - 6 potions of haste
 f - a potion of ambrosia
 j - 2 potions of attraction
 k - 7 potions of curing
 p - 2 potions of heal wounds
 r - 3 potions of brilliance
 s - a potion of invisibility
 u - 2 potions of mutation
 D - a potion of magic
 G - a potion of enlightenment {unknown}
Miscellaneous
 K - a tin of tremorstones (2/2)


   Skills:
 + Level 10.6(15.6) Fighting
 * Level 14.2(19.2) Axes
 + Level 3.9(8.9) Throwing
 + Level 10.5(15.5) Armour
 + Level 10.5(15.5) Shields
 - Level 5.0 Invocations


You had 10 spell levels left.
You didn't know any spells.
Your spell library contained the following spells:

 Spells                   Type           Power      Damage    Failure   Level
 Apportation              Tloc           0%         N/A       99%         1
 Freeze                   Ice            0%         1d3       99%         1
 Sting                    Conj/Alch      0%         1d3       99%         1
 Cigotuvi's Dreadful Rot  Necr/Alch/Air  0%         N/A       100%        2
 Jinxbite                 Hex            0%         N/A       100%        2
 Mercury Vapours          Alch/Air       0%         N/A       100%        2
 Frozen Ramparts          Ice            0%         1d1       100%        3
 Hailstorm                Conj/Ice       0%         3d5       100%        3
 Dispel Undead            Necr           0%         3d6       100%        4
 Olgreb's Toxic Radiance  Alch           0%         N/A       100%        4
 Alistair's Intoxication  Alch           0%         N/A       100%        5
 Martyr's Knell           Necr/Summ      Unusable   N/A       N/A         4
 Death Channel            Necr           Unusable   N/A       N/A         6

Dungeon Overview and Level Annotations

Branches:
Dungeon (12/15)            Temple (1/1) D:4            Lair (0/5) D:10
    Orc (0/2) D:11

Altars:
Ashenzari
Cheibriados
Dithmenos
Elyvilon
Fedhas
Gozag
Hepliaklqana
Kikubaaqudgha
Makhleb
Nemelex Xobeh
Okawaru
Qazlal
Ru
Sif Muna
Trog
Uskayaw
Vehumet
Wu Jian
Xom
Yredelemnul
Zin
The Shining One

Shops:
D:4 !   D:11 (

Portals:
Trove: D:10 (show abyssal rune of Zot)

Annotations:
D:8 2 runed translucent doors
D:12 Rupert


Innate Abilities, Weirdness & Mutations

You have a pair of horns on your head.
You reflexively headbutt those who attack you in melee.


Message History

Rupert struggles against the net.
The net rips apart, and Rupert comes free!
You feel less confused.
Throw: throwing net
Press: ? - help, Shift-Dir - straight line, f/p - Rupert
Aim: Rupert, wielding a +3 heavy great mace and wearing a +2 leather armour of poison resistance (berserk, 60% to hit)
You throw a throwing net. The throwing net barely misses Rupert.
Rupert hits you with a +3 heavy great mace!!
You gain the combat prowess of a mighty hero.
You block Rupert's attack.
You slash Rupert!
Rupert is lightly wounded.
Rupert hits you with a +3 heavy great mace!!
You slice Rupert!!
Rupert is moderately wounded.
You block Rupert's attack.
You closely miss Rupert.
Rupert is moderately wounded.
You slice Rupert!! Your headbutt misses Rupert.
Rupert is moderately wounded.
Rupert barely misses you.
You hit Rupert. You headbutt Rupert, but do no damage.
Rupert is moderately wounded.
You hit the slime creature. Rupert closely misses you. You furiously retaliate!
You headbutt Rupert! You block the slime creature's attack.
You slice Rupert!!
Rupert is heavily wounded.
You hit the slime creature. You slash Rupert! Your headbutt misses Rupert.
Rupert is heavily wounded.
You slash the slime creature!
Rupert hits you with a +3 heavy great mace!!
* * * LOW HITPOINT WARNING * * *
You block the slime creature's attack.
You slash Rupert! Your headbutt misses Rupert.
Rupert is severely wounded.
You slash the slime creature!
Rupert hits you with a +3 heavy great mace!!
You die...
Rupert roars with triumph.

. ##..##..#
##.$...#####)..#.(..
...........)......#
......#.#)<.....#..
......####......#
....#...>.....##
.................
..#.............
#@@............
##J......(.....
#............
##...........
...#?..#+#..
#.###.(⌠# ⌠. ...
#.### #.. ..+ #...
.#


You could see Rupert (berserk) and a slime creature.

Vanquished Creatures
  A boulder beetle (D:11)
  The ghost of zxspectator the Blocker, a novice GrFi of Gozag (D:8)
  Pikel (D:9)
  An elephant (D:10)
  3 manticores
  A gargoyle (D:11)
  Maggie (D:7)
  An unseen horror (D:8)
  A kobold demonologist (D:11)
  2 komodo dragons (D:10)
  2 guardian mummies (D:10)
  A troll (D:11)
  Sigmund (D:5)
  6 yaks (D:10)
  3 shadows
  2 vampires
  Eustachio (D:5)
  A basilisk (D:8)
  Grum (D:8)
  4 vampire mosquitoes (D:11)
  2 steam dragons (D:6)
  An acid dragon (D:10)
  5 water moccasins
  2 sky beasts
  10 orc warriors
  3 black bears
  3 wolves (D:8)
  7 centaurs
  5 ogres
  3 kobold brigands (D:8)
  3 phantoms
  9 bullfrogs
  3 scorpions
  11 wights
  9 killer bees (D:10)
  3 howler monkeys
  4 hounds
  2 jellies
  8 orc priests
  6 bombardier beetles
  A gnoll bouda (D:7)
  6 iguanas
  13 orc wizards
  4 gnolls (D:7)
  11 adders
  4 shadow imps
  2 white imps
  An ufetubus (D:6)
  3 ribbon worms
  36 orcs
  16 endoplasms
  2 giant cockroaches (D:4)
  6 goblins
  8 hobgoblins
  15 kobolds
  4 quokkas
  5 ball pythons
  5 bats
  7 frilled lizards
  6 rats
289 creatures vanquished.

Notes
Turn   | Place    | Note
-------+----------+-------------------------------------------
     0 | D:1      | fungusakafungus the Minotaur Fighter began the quest for
                  | the Orb.
     0 | D:1      | Reached XP level 1. HP: 19/19 MP: 0/0
   135 | D:1      | Reached XP level 2. HP: 27/27 MP: 1/1
   182 | D:1      | Reached skill level 3 in Axes
   626 | D:1      | Reached XP level 3. HP: 33/33 MP: 2/2
   762 | D:2      | Noticed an ogre
   764 | D:2      | Killed an ogre
   765 | D:2      | Reached skill level 4 in Axes
   765 | D:2      | Reached XP level 4. HP: 24/41 MP: 3/3
   765 | D:2      | Reached XP level 5. HP: 28/47 MP: 4/4
  1797 | D:3      | Noticed a water moccasin
  1810 | D:3      | Killed a water moccasin
  1811 | D:3      | Reached skill level 5 in Axes
  1811 | D:3      | Reached XP level 6. HP: 55/55 MP: 5/5
  1906 | D:3      | HP: 1/55 [orc priest/divine providence (12)]
  1907 | D:3      | Reached skill level 5 in Fighting
  1907 | D:3      | Reached skill level 5 in Shields
  2038 | D:3      | Reached skill level 5 in Armour
  2321 | D:3      | You fall into a shaft and drop 1 floor!
  2382 | D:4      | Reached skill level 6 in Axes
  2434 | D:4      | Reached XP level 7. HP: 61/61 MP: 6/6
  2929 | D:4      | Found a staircase to the Ecumenical Temple.
  2938 | Temple   | Entered the Ecumenical Temple
  3015 | Temple   | Became a worshipper of Warmaster Okawaru
  3215 | D:4      | Found Wach's Distillery.
  3225 | D:4      | Bought a potion of heal wounds for 70 gold pieces
  3225 | D:4      | Bought a potion of heal wounds for 70 gold pieces
  3347 | D:5      | Entered Level 5 of the Dungeon
  3347 | D:5      | Noticed Eustachio
  3354 | D:5      | Reached skill level 7 in Axes
  3371 | D:5      | Killed Eustachio
  3426 | D:5      | Noticed Sigmund
  3463 | D:5      | Killed Sigmund
  3463 | D:5      | Reached * piety under Okawaru
  3464 | D:5      | Reached XP level 8. HP: 61/70 MP: 7/7
  3683 | D:5      | Reached skill level 8 in Axes
  3866 | D:5      | Found an opulent altar of Gozag.
  3917 | D:5      | Identified the +1 quarterstaff of Fuzzy Tenacity {drain,
                  | +Blink rC- Will+++ Dex-4}
  3945 | D:5      | Reached skill level 1 in Invocations
  4580 | D:6      | Reached skill level 9 in Axes
  4589 | D:6      | Reached ** piety under Okawaru
  4590 | D:6      | Reached XP level 9. HP: 50/79 MP: 7/9
  4948 | D:6      | Reached skill level 10 in Axes
  5781 | D:6      | Identified the +5 hand axe "Byroq" {freeze, rCorr Dex+2}
  5788 | D:6      | Reached *** piety under Okawaru
  6164 | D:7      | Noticed Maggie
  6173 | D:7      | Killed Maggie
  6174 | D:7      | Reached XP level 10. HP: 59/89 MP: 11/11
  6440 | D:7      | Reached skill level 11 in Axes
  7448 | D:8      | Reached **** piety under Okawaru
  7568 | D:8      | Found a large runed translucent door.
  7568 | D:8      | Noticed a manticore
  7572 | D:8      | Found a large runed translucent door.
  7572 | D:8      | Found a large runed translucent door.
  7586 | D:8      | Found a runed translucent gate.
  7586 | D:8      | Found a runed translucent gate.
  7586 | D:8      | Found a runed translucent gate.
  7587 | D:8      | Noticed zxspectator's ghost (novice GrFi)
  8004 | D:8      | Found a large runed translucent door.
  8322 | D:8      | Noticed Grum
  8337 | D:8      | Killed Grum
  8506 | D:8      | Identified the staff of the Fox {rElec Hexes Air Earth}
  8541 | D:8      | Reached skill level 12 in Axes
  8549 | D:8      | Killed zxspectator's ghost
  8550 | D:8      | Reached skill level 5 in Invocations
  8646 | D:8      | Killed a manticore
  8937 | D:9      | Noticed Pikel
  8944 | D:9      | Killed Pikel
  8944 | D:9      | Reached ***** piety under Okawaru
  8945 | D:9      | Reached XP level 11. HP: 97/97 MP: 13/13
  9263 | D:9      | Reached skill level 1 in Throwing
  9388 | D:10     | Entered Level 10 of the Dungeon
  9484 | D:10     | Found a white marble altar of Elyvilon.
  9573 | D:10     | Reached skill level 13 in Axes
 10252 | D:10     | Found a staircase to the Lair.
 10264 | D:10     | Received a gift from Okawaru
 10265 | D:10     | Reached skill level 10 in Fighting
 10485 | D:10     | Found a portal to a secret trove of treasure.
 10512 | D:10     | Reached skill level 10 in Armour
 10705 | D:10     | Reached skill level 10 in Shields
 11675 | D:11     | Found Wapp's Weapon Shop.
 11676 | D:11     | Found a staircase to the Orcish Mines.
 11695 | D:11     | Reached skill level 14 in Axes
 11912 | D:11     | Noticed a boulder beetle
 11932 | D:11     | Killed a boulder beetle
 12246 | D:12     | Identified the maw talisman of Yghah {Int+3}
 12246 | D:12     | Noticed Rupert
 12265 | D:12     | Mangled by Rupert

Illustrated notes

Levels and vault maps discovered:
D:1:      nzn_arrival_crosshair, layout_loops_cross, minmay_pentomino_r2
D:2:      minmay_door_path, layout_loops_corners, dk_noncrumbling_3
D:3:      layout_basic
D:4:      layout_rooms, minmay_temple_entry_mist, serial_shops,
          nicolae_lakefront_shop
D:5:      layout_loops_corners, nicolae_gozag_seed_capital, uniq_eustachio,
          uniq_sigmund
D:6:      cheibrodos_steamvent, layout_loops_corners, minmay_joined_circles
D:7:      layout_gridville, uniq_maggie
D:8:      layout_cave_pods, gammafunk_ghost_spectres,
          minmay_hollow_rounded_squares, uniq_grum
D:9:      layout_rooms, uniq_pikel
D:10:     layout_basic, nicolae_elyvilon_peaceful_grove,
          grunt_lair_entry_orc_guard_hut, nicolae_trove_entry_path_of_doom
D:11:     layout_loops_ring, orc_david_3, st_stairs_9
D:12:     layout_cave_pools, serial_shops, nicolae_shop_real_fake_doors,
          pdpol_wu_jian_five_deadly_venoms, uniq_nessos, uniq_erolcha,
          uniq_rupert
Temple:   nicolae_temple_slightly_damp_pantheon

Skill      XL: |  1  2  3  4  5  6  7  8  9 10 11 |
---------------+----------------------------------+-----
Axes           | 3 4 5 6 7 9 10 12 14 | 14.2
Armour         | 4 5 6 7 8 9 10 | 10.5
Fighting       | 4 5 6 7 8 9 10 | 10.6
Shields        | 4 5 6 7 8 9 10 | 10.5
Invocations    | 2 3 5 |  5.0
Throwing       | 3 |  3.9

Action                     |  1- 3 |  4- 6 |  7- 9 | 10-12 || total
---------------------------+-------+-------+-------+-------++-------
  Melee: War axe           |    67 |    85 |   239 |   349 ||   740
         Headbutt          |    11 |    10 |    40 |    95 ||   156
         Hand axe          |       |       |    25 |    36 ||    61
  Throw: Boomerang         |       |       |    21 |    53 ||    74
         Dart              |       |       |       |    17 ||    17
         Throwing net      |       |       |       |     2 ||     2
 Invoke: Heroism           |       |       |     2 |     4 ||     6
  Evoke: Wand              |       |       |     3 |     1 ||     4
    Use: Potion            |     1 |     2 |       |     1 ||     4
         Scroll            |       |    10 |     3 |     7 ||    20
 Armour: Scale mail        |    24 |     3 |       |       ||    27
         Chain mail        |       |    43 |   154 |       ||   197
         Plate armour      |       |       |    35 |   221 ||   256
  Dodge: Dodged            |    26 |    31 |   142 |   117 ||   316
  Block: Buckler           |    29 |    18 |    66 |    97 ||   210
         Reflection        |     1 |       |       |       ||     1
